Map: Pillars of Gold LE

Players

Reynor - Winner!

  • Race: Zerg Zerg
  • League: Master
  • Spawn Location: 7:00

LiquidClem (Clem)

  • Race: Terran Terran
  • League: Master
  • Spawn Location: 1:00

Event: DreamHack SC2 Masters 2020 Fall

VOD

Have the link to the VOD?

Description

Time

  • Played on: Sept. 13, 2020, 4:56 p.m.
  • Length: 11:00

All games in this series

Show
View Real Time Build Order
Export as new Build Order

Reynor Zerg - Winner!

Build Orders: Hatch First 

Get SALT Encoding   

  12  0:00  Drone  
  13  0:12  Overlord  
  13  0:17  Drone  
  14  0:31  Drone x2  
  16  0:49  Hatchery  
  15  0:54  Drone  
  15  0:57  Drone  
  17  1:01  Drone  
  18  1:10  Extractor  
  17  1:18  Spawning Pool  
  16  1:21  Drone  
  16  1:24  Drone  
  18  1:29  Drone  
  19  1:39  Drone  
  20  1:49  Overlord  
  20  2:04  Queen x2  
  20  2:05  Zergling x4  
  26  2:11  Drone  
  26  2:12  Drone  
  28  2:21  Drone  
  30  2:22  Drone  
  30  2:36  Hatchery  
  28  2:38  Drone  
  28  2:40  Drone  
  30  2:44  Metabolic Boost  
  30  2:46  Drone  
  31  2:55  Queen  
  33  2:58  Overlord  
  33  3:01  Drone  
  33  3:03  Drone  
  35  3:18  Drone x2  
  37  3:20  Overlord  
  37  3:21  Drone x2  
  37  3:23  Drone  
  40  3:27  Drone  
  40  3:28  Drone  
  42  3:38  Queen, Drone  
  42  3:39  Overlord  
  45  3:44  Drone  
  45  3:45  Queen  
  48  3:51  Zergling x4  
  48  3:52  Queen  
  48  3:53  Drone  
  48  3:54  Zergling x2  
  54  4:00  Drone x3  
  57  4:05  Drone x2  
  57  4:08  Overlord  
  57  4:09  Zergling x2  
  60  4:10  Drone  
  60  4:13  Drone  
  60  4:14  Spore Crawler  
  60  4:15  Drone  
  62  4:19  Queen  
  62  4:23  Zergling x2  
  65  4:25  Overlord  
  65  4:28  Spore Crawler  
  65  4:30  Spore Crawler  
  63  4:32  Drone x2  
  63  4:34  Drone x2  
  67  4:39  Zergling x2  
  67  4:40  Drone x2  
  67  4:42  Drone x2  
  67  4:44  Drone  
  73  4:50  Zergling x2  
  73  4:51  Zergling x6  
  75  4:55  Drone x2  
  77  5:00  Drone, Extractor  
  77  5:02  Evolution Chamber  
  77  5:03  Zergling x4  
  77  5:05  Overlord  
  77  5:06  Zergling x4  
  80  5:07  Zergling x2  
  81  5:15  Overlord  
  81  5:20  Overlord  
  81  5:24  Drone  
  81  5:25  Hatchery  
  81  5:26  Evolution Chamber, Drone x2  
  81  5:27  Drone x2  
  83  5:28  Zerg Ground Armor Level 1  
  83  5:33  Drone x3  
  86  5:36  Drone x2  
  86  5:40  Lair  
  86  5:42  Drone x3  
  91  5:43  Drone  
  91  5:45  Drone  
  91  5:46  Drone  
  91  5:47  Drone  
  95  5:52  Drone x2, Baneling Nest  
  95  5:55  Zerg Melee Weapons Level 1  
  95  5:57  Drone x2, Extractor  
  95  5:59  Extractor  
  95  6:00  Drone, Extractor  
  95  6:03  Zergling x4  
  98  6:05  Drone  
  98  6:06  Drone  
  98  6:09  Extractor  
  98  6:10  Overlord  
  99  6:13  Zergling x8  
  99  6:15  Drone x2  
  99  6:18  Overlord  
  105  6:24  Zergling x2  
  105  6:29  Drone x2  
  105  6:30  Zergling x2  
  108  6:37  Zergling x16  
  108  6:38  Drone  
  117  6:41  Zergling x6, Centrifical Hooks  
  117  6:43  Drone  
  121  6:48  Drone x2  
  121  6:50  Drone  
  124  6:55  Overlord  
  122  7:03  Overlord  
  122  7:07  Overlord  
  122  7:08  Drone x2  
  119  7:12  Zergling x10  
  119  7:13  Zergling x2  
  119  7:15  Zergling x8  
  117  7:16  Zergling x10  
  117  7:17  Zergling x2  
  117  7:22  Zergling x2  
  116  7:23  Zerg Ground Armor Level 2  
  116  7:25  Zergling x4  
  116  7:28  Zergling x2  
  115  7:32  Baneling  
  115  7:35  Drone  
  115  7:36  Drone  
  116  7:41  Baneling x4  
  116  7:42  Drone x2  
  116  7:44  Drone x2  
  118  7:48  Zergling x2  
  118  7:50  Overlord  
  118  7:51  Drone  
  118  7:52  Drone  
  118  7:54  Queen  
  118  7:56  Hydralisk Den, Zerg Melee Weapons Level 2  
  121  7:59  Zergling x8  
  121  8:01  Drone  
  123  8:06  Baneling x6  
  123  8:09  Zergling x6  
  123  8:10  Zergling x2  
  123  8:11  Hatchery  
  126  8:15  Zergling x2  
  126  8:19  Queen  
  127  8:21  Baneling x3  
  127  8:22  Zergling x6  
  127  8:23  Drone  
  134  8:27  Zergling x6  
  134  8:29  Zergling x2  
  134  8:32  Overlord  
  134  8:33  Zergling x2  
  139  8:34  Zergling x2  
  139  8:35  Muscular Augments  
  139  8:37  Infestation Pit  
  139  8:41  Baneling x4  
  138  8:42  Zergling x10  
  138  8:43  Baneling  
  138  8:44  Baneling x2  
  138  8:45  Overlord, Baneling x3  
  143  8:53  Extractor x2  
  140  8:57  Zergling x2  
  140  8:58  Zergling x18  
  140  9:02  Hydralisk  
  140  9:04  Hydralisk  
  140  9:07  Baneling x9  
  140  9:08  Zergling x6  
  143  9:11  Overlord  
  143  9:12  Zergling x2  
  143  9:14  Hydralisk  
  143  9:16  Zergling x2  
  140  9:17  Overseer  
  140  9:23  Zergling x10, Hydralisk  
  140  9:24  Zergling x4  
  145  9:27  Hydralisk  
  139  9:31  Baneling  
  139  9:32  Hydralisk x3, Baneling x4  
  139  9:34  Hive  
  139  9:35  Lurker Den, Drone  
  139  9:36  Zergling x4, Hydralisk x2  
  139  9:37  Queen  
  153  9:40  Zergling x2  
  153  9:44  Baneling x9  
  154  9:46  Zergling x2, Hydralisk x2  
  154  9:47  Zergling x2  
  154  9:49  Overlord  
  154  9:51  Zergling x4  
  156  9:58  Zergling x10  
  157  10:04  Baneling  
  157  10:05  Zergling x2, Baneling x7  
  156  10:08  Overlord x2  
  156  10:09  Zergling x4  
  156  10:12  Zergling x2, Hydralisk  
  159  10:16  Zergling x8  
  159  10:17  Zergling x2  
  159  10:18  Zergling x4  
  159  10:21  Zergling x4  
  143  10:26  Hatchery, Zergling x12  
  143  10:28  Zergling x2  
  143  10:31  Zergling x4  
  138  10:36  Hydralisk  
  138  10:38  Zergling x2  
  138  10:43  Zergling x12  
Show
View Real Time Build Order
Export as new Build Order

LiquidClem Terran 

Build Orders: Liberator Opening, Reaper Expand 

Get SALT Encoding   

  12  0:00  SCV  
  13  0:13  SCV  
  14  0:17  Supply Depot  
  14  0:25  SCV  
  15  0:39  SCV  
  15  0:41  Barracks  
  16  0:45  Refinery  
  16  0:51  SCV  
  17  1:03  SCV  
  18  1:15  SCV  
  19  1:27  Reaper  
  19  1:28  Orbital Command  
  20  1:42  Command Center  
  20  1:50  Supply Depot  
  20  1:54  SCV  
  21  1:59  Marine  
  22  2:06  SCV  
  23  2:13  Factory  
  23  2:18  SCV, Refinery  
  24  2:23  Barracks Reactor  
  24  2:30  SCV  
  25  2:42  SCV  
  26  2:54  Orbital Command  
  26  2:55  SCV  
  26  2:58  Starport  
  27  3:02  Hellion x2  
  31  3:07  SCV  
  32  3:14  Supply Depot  
  32  3:19  SCV  
  33  3:20  SCV  
  33  3:26  Hellion x2  
  38  3:28  Barracks Tech Lab  
  38  3:31  SCV  
  39  3:38  Liberator  
  39  3:39  Supply Depot  
  39  3:40  SCV  
  43  3:44  SCV  
  43  3:47  Hellion  
  46  3:50  Hellion  
  46  3:52  SCV  
  34  3:55  Stimpack  
  49  3:57  SCV  
  49  4:02  Supply Depot  
  50  4:05  SCV  
  50  4:08  Hellion  
  53  4:13  SCV  
  54  4:18  SCV  
  54  4:22  Starport Reactor  
  55  4:25  SCV, Command Center  
  56  4:36  Barracks  
  56  4:37  SCV  
  57  4:40  Marine, Barracks, Factory Tech Lab  
  57  4:42  SCV  
  59  4:54  Engineering Bay  
  59  4:55  SCV x2, Engineering Bay  
  59  4:58  Marine  
  59  4:59  Supply Depot  
  62  5:04  Siege Tank  
  62  5:06  Starport Reactor  
  65  5:07  SCV  
  65  5:11  SCV, Refinery  
  65  5:12  Refinery  
  67  5:16  Marine  
  67  5:19  SCV  
  67  5:20  Supply Depot  
  69  5:22  Terran Infantry Weapons Level 1  
  69  5:23  Terran Infantry Armor Level 1  
  69  5:28  Marine x2  
  71  5:29  SCV  
  71  5:34  SCV  
  74  5:36  Marine x2  
  74  5:42  Orbital Command  
  76  5:45  SCV, Marine  
  76  5:46  Combat Shield, Marine  
  78  5:50  Medivac, Marine  
  78  5:52  Medivac  
  78  5:57  Supply Depot, Marine x2  
  83  6:00  SCV x2  
  87  6:05  Marine x2  
  87  6:06  Orbital Command  
  87  6:07  Marine  
  90  6:12  SCV  
  90  6:17  Barracks  
  91  6:18  Siege Tank  
  91  6:19  Barracks  
  91  6:21  Armory  
  91  6:24  Supply Depot  
  91  6:25  Marine  
  95  6:26  SCV  
  95  6:27  SCV  
  97  6:34  Marine  
  97  6:35  Marine  
  97  6:36  SCV  
  100  6:41  Marine  
  100  6:43  Marine  
  100  6:44  Medivac  
  100  6:45  Medivac  
  100  6:46  SCV  
  108  6:47  Supply Depot  
  108  6:53  Barracks  
  107  6:58  Marine x2, Barracks x2  
  107  7:00  SCV  
  104  7:01  SCV  
  104  7:02  SCV  
  104  7:07  Marine  
  107  7:11  Marine  
  107  7:13  SCV x2  
  107  7:14  Siege Tank  
  108  7:18  Marine  
  108  7:19  Marine  
  108  7:20  SCV, Marine  
  108  7:21  Marine  
  108  7:28  Marine  
  108  7:29  Terran Infantry Weapons Level 2  
  105  7:32  Supply Depot  
  105  7:33  SCV  
  102  7:37  Marine  
  102  7:38  Marine x2  
  102  7:39  SCV  
  102  7:43  Barracks Reactor x2  
  102  7:44  Marine  
  105  7:46  Widow Mine, Marine x2  
  105  7:48  Marine x2  
  105  7:51  Medivac  
  105  7:52  Medivac  
  105  7:53  SCV x2  
  105  7:55  Marine  
  105  7:57  Terran Infantry Armor Level 2  
  111  7:58  SCV  
  111  7:59  Marine  
  111  8:03  Marine x2  
  111  8:04  Marine x2  
  107  8:06  Supply Depot  
  107  8:08  SCV  
  107  8:09  Marine  
  107  8:10  Supply Depot, Marine  
  110  8:13  Siege Tank  
  110  8:14  Marine  
  110  8:19  Marine x3  
  116  8:20  Marine x2  
  116  8:21  Marine  
  116  8:23  Supply Depot, Marine x2  
  122  8:30  Medivac x2  
  122  8:31  Marine x2  
  122  8:32  Marine x2  
  130  8:37  Marine x2  
  130  8:38  Marine x3  
  130  8:39  Supply Depot  
  135  8:42  Marine  
  135  8:43  Marine x2  
  135  8:45  Supply Depot  
  138  8:52  Siege Tank  
  138  8:54  Marine x2  
  138  8:55  Supply Depot, Marine  
  144  8:56  Marine x2  
  144  9:00  Medivac x2, Marine  
  140  9:04  Marine x2  
  140  9:05  Marine x2  
  138  9:14  Marine x5  
  138  9:15  Marine x2  
  139  9:22  Marine x2  
  136  9:24  Siege Tank  
  136  9:29  SCV x2  
  136  9:30  Marine x3  
  135  9:31  Marine  
  135  9:32  Liberator x2  
  135  9:33  Marine  
  135  9:37  Marine x2  
  141  9:39  Marine x3  
  144  9:46  Marine  
  144  9:47  Marine  
  144  9:48  Marine x2  
  144  9:54  Marine x3  
  144  9:55  SCV  
  131  10:01  Marine, Siege Tank  
  131  10:02  Marine  
  131  10:05  SCV  
  136  10:07  Marine  
  136  10:08  Marine  
  136  10:11  Marine x5  
  141  10:16  SCV  
  141  10:18  Marine x3  
  141  10:19  Marine  
  141  10:20  Marine  
  110  10:24  Medivac  
  110  10:25  Marine x2  
  112  10:31  SCV  
  100  10:36  Marine x7  

Tags
 
Add a new tag
Caveats
  • Supply blocks, unpowered buildings, or Contaminate may cause inaccurate times.
  • Supply counts are checked every 10 seconds.